 Dungeon Crawl Stone Soup version 0.31-a0-986-g5e6e4ef867 (webtiles) character file.

Game seed: 13890060012264449557

22 Xavori the Trooper (level 3, 30/30 HPs)
             Began as a Djinni Chaos Knight on Nov 3, 2023.
             Was a Plaything of Xom.
             Quit the game on level 1 of the Dungeon.
             The game lasted 00:00:39 (9515 turns).

Xavori the Trooper (Djinni Chaos Knight)            Turns: 9515, Time: 00:00:40

Health: 30/30      AC:  5    Str: 11    XL:     3   Next: 7%
Gold:   51         EV: 12    Int: 13    God:    Xom [..*...] SH:  0 Dex: 14

rFire   + + .        a - +0 falchion (chaos)
rCold   x . .        (no shield)
rNeg    . . .        b - +2 leather armour
rPois   ∞            (no helmet)
rElec   .            (no cloak)
rCorr   .            (no gloves)
SInv    .            (boots unavailable)
Will    .....        (no amulet)
Stlth   +            (no ring)
HPRegen 0.25/turn    (no ring)
MPRegen 0.00/turn

%: no passive effects
@: flying
A: sickness immunity, fire resistance 2, cold vulnerability 1, float, innate
caster, HP casting, extra vitality 1
a: Renounce Religion


You were on level 1 of the Dungeon.
You worshipped Xom.
You were a BORING thing.
You visited 1 branch of the dungeon, and saw 2 of its levels.

You collected 51 gold pieces.

Inventory:

Hand Weapons
 a - a +0 falchion of chaos (weapon)
Armour
 b - a +2 leather armour (worn)
Scrolls
 c - a scroll of butterflies
 d - 2 scrolls of blinking {unknown}
 f - a scroll of fear {unknown}
 h - a scroll of vulnerability {unknown}
Potions
 e - 2 potions of curing {unknown}
 g - a potion of degeneration {unknown}
 i - 2 potions of mutation {unknown}


   Skills:
 + Level 3.2 Fighting
 + Level 2.9 Long Blades
 + Level 1.4 Armour
 + Level 2.5 Dodging
 * Level 0.7 Spellcasting
 * Level 0.7 Conjurations
 * Level 0.7 Hexes
   Level 0.0 Charms
 * Level 0.7 Summonings
 * Level 0.7 Necromancy
 * Level 0.7 Translocations
 * Level 0.7 Transmutations
 * Level 0.7 Fire Magic
 * Level 0.7 Ice Magic
 * Level 0.7 Air Magic
 * Level 0.7 Earth Magic
 * Level 0.7 Poison Magic


You knew the following spells:

 Your Spells              Type           Power      Damage    Failure   Level
a - Necrotise             Necr           8%         1d4       28%         1
Your spell library was empty.

Dungeon Overview and Level Annotations

Branches:
Dungeon (2/15)

Altars:
Xom


Innate Abilities, Weirdness & Mutations

You are immune to sickness and miasma.
You are immune to poison.
Your flesh is very heat resistant. (rF++)
You are vulnerable to cold. (rC-)
You float through the air rather than walking.
You learn spells naturally, not from books.
Your magical power is your life essence.
You have superior vitality. (+4 MHP)


Message History

You start waiting.
Done waiting.
You start waiting.
Done waiting.
You start waiting.
Done waiting.
You start waiting.
Done waiting.
You start waiting.
Xom alters the dungeon around you.
You start waiting.
Done waiting.
You start waiting.
Xom makes a sudden noise!
You hear a mighty clap of thunder!
You start waiting.
Done waiting.
You start waiting.
Done waiting.
You start waiting.
Xom smirks.
You detect nothing.
You start waiting.
Done waiting.
You start waiting.
You start waiting.
Done waiting.
You start waiting.
Done waiting.
You start waiting.
Done waiting.
You start waiting.
Xom is getting BORED.
You start waiting.
Xom grants you insight.
You detect nothing.
You start waiting.
Xom is getting BORED.
You start waiting.
You are now a BORING thing.
Are you sure you want to abandon this character and quit the game? (Confirm with "yes".)

#.........####.......###.....
#.........# #.......# #.....
#...ZZ....# ######### #.....
###Z###...# #..... #.# #.Z.#
########### #Z# #...#
######.......... #.#
#...####......#.####### #)#
#...##...######....#### #.#
##....@...(............ #.#
#.._...#####......#### #.#
#......# #.....## # ######.#
######## #.....# # #.Z....#
#.....# # #.###### ###
#.....# # #.# #####.# #.....#
#Z# ###.....#### #.....#
#.###.†.#......# #.....#


There were no monsters in sight!

Vanquished Creatures
  2 dart slugs (D:1)
  2 goblins (D:1)
  3 hobgoblins (D:1)
  2 quokkas (D:1)
  A ball python (D:1)
  3 bats (D:1)
  2 frilled lizards (D:1)
  2 kobolds (D:1)
  A rat (D:1)
18 creatures vanquished.

Notes
Turn   | Place    | Note
-------+----------+-------------------------------------------
     0 | D:1      | Xavori the Djinni Chaos Knight began the quest for the Orb.
     0 | D:1      | Reached XP level 1. HP: 20/20 MP: 0/0
   127 | D:1      | Reached XP level 2. HP: 18/25 MP: 0/0
   440 | D:1      | XOM: silly message
   490 | D:1      | Reached XP level 3. HP: 29/30 MP: 0/0
   490 | D:1      | Learned a level 1 spell: Necrotise
   681 | D:1      | XOM: silly message
   977 | D:1      | XOM: silly message
  1084 | D:1      | XOM: silly message
  1239 | D:1      | XOM: silly message
  1315 | D:1      | XOM: divination: detect items
  1434 | D:1      | XOM is BORED!
  1434 | D:1      | XOM: silly message
  2376 | D:1      | XOM is BORED!
  3055 | D:1      | XOM: cloud trail
  3164 | D:1      | XOM: silly message
  3945 | D:1      | XOM: silly message
  4076 | D:1      | XOM: divination: magic mapping
  4440 | D:1      | XOM: silly message
  4953 | D:1      | XOM: silly message
  5162 | D:1      | XOM: divination: magic mapping
  5244 | D:1      | XOM: silly message
  6024 | D:1      | XOM is BORED!
  6315 | D:1      | XOM: noise
  6834 | D:1      | XOM: cloud trail
  8479 | D:1      | XOM: scenery: create altars
  8638 | D:1      | XOM: noise
  8907 | D:1      | XOM: divination: detect items
  9475 | D:1      | XOM: divination: detect items
  9515 | D:1      | Quit the game

Illustrated notes

Levels and vault maps discovered:
D:1:      roderic_crossed_star, layout_basic
D:2:      layout_basic, nicolae_kite_square_tiling_tiny,
          nicolae_shop_unique_rings, kennysheep_nub, nicolae_wormholes,
          uniq_sigmund

Action                     || total
---------------------------++-------
  Melee: Falchion          ||    55
 Armour: Leather armour    ||    40
  Dodge: Dodged            ||    39

Table legend: (Time is in decaauts)
 A = Elapsed time spent in this place.
 B = Non-inter-level travel time spent in this place.
 C = Inter-level travel time spent in this place.
 D = Time resting spent in this place.
 E = Time spent auto-exploring this place.
 F = Levels seen in this place.
 G = Mean time per level.
                   A        B        C        D        E       F      G
               +--------+--------+--------+--------+--------+-----+--------+
         Total |   9524 |   9510 |     14 |   8961 |    425 |   2 | 4762.0 |
       Dungeon |   9524 |   9510 |     14 |   8961 |    425 |   2 | 4762.0 |
               +--------+--------+--------+--------+--------+-----+--------+

Top non-repeatable levels by time:
     D:1: 9522 daAuts
     D:2: 1 daAuts
